 Dungeon Crawl Stone Soup version 0.26-a0-474-gfaca0e1de5 (webtiles) character file.

Game seed: 17902389912199969280

262135 DeltaSign the Executioner (level 19, -11/181 HPs)
             Began as a Minotaur Berserker on July 31, 2020.
             Was a High Priest of Trog.
             Shot with a bolt by a yaktaur (17 damage)
             ... led by a vault warden
             ... on level 4 of the Vaults.
             The game lasted 01:21:11 (31450 turns).

DeltaSign the Executioner (Minotaur Berserker)     Turns: 31450, Time: 01:21:11

Health: -11/181    AC: 37    Str: 27    XL:     19   Next: 60%
Magic:  0/16       EV: 15    Int:  4    God:    Trog [*****.]
Gold:   387        SH:  0    Dex: 16    Spells: 18/18 levels left

rFire    . . .     SeeInvis .   b - +9 executioner's axe (flame)
rCold    + . .     Faith    .   (shield currently unavailable)
rNeg     + . .     Spirit   +   B - +6 crystal plate armour
rPois    +         Reflect  .   w - +2 hat
rElec    +         Harm     .   q - scarf {rC+ rF+}
rCorr    .                      n - +1 pair of gloves
MR       ++++.                  l - +0 pair of boots
Stlth    ..........             L - amulet of guardian spirit
HPRegen  1.40/turn              o - ring of protection from magic
MPRegen  0.15/turn              k - ring of Dukh {rElec rPois rF- rN+ Str+3}

@: about to teleport, berserk cooldown, regenerating (expiring), slowed, very
slow
A: retaliatory headbutt, horns 2, low mp 1
}: 1/15 runes: serpentine
a: Berserk, Trog's Hand, Brothers in Arms, Renounce Religion


You were on level 4 of the Vaults.
You worshipped Trog.
Trog was extremely pleased with you.
You visited 5 branches of the dungeon, and saw 30 of its levels.
You also visited: Ossuary and Volcano.

You collected 3826 gold pieces.
You spent 3439 gold pieces at shops.

Inventory:

Hand Weapons
 b - a +9 executioner's axe of flaming (weapon)
Armour
 l - a +0 pair of boots (worn)
 n - a +1 pair of gloves (worn)
 q - a scarf of resistance (worn)
 w - a +2 hat (worn)
 B - a +6 crystal plate armour (worn)
Jewellery
 k - the ring of Dukh (right hand) {rElec rPois rF- rN+ Str+3}
   (You bought it in a shop on level 2 of the Orcish Mines)

   [ring of positive energy]

   It affects your strength (+3).
   It makes you vulnerable to fire.
   It insulates you from electricity.
   It protects you from poison.
   It protects you from negative energy.
 o - a ring of protection from magic (left hand)
 y - an uncursed ring of resist corrosion
 G - an uncursed ring of ice
 L - an amulet of guardian spirit (around neck)
Wands
 a - a wand of enslavement (10)
 p - a wand of disintegration (16)
 r - a wand of acid (6)
 x - a wand of polymorph (19)
 z - a wand of paralysis (43)
 A - a wand of iceblast (17)
 D - a wand of digging (9)
 F - a wand of clouds (8)
 K - a wand of random effects (45)
Scrolls
 e - a scroll of torment
 f - a scroll of summoning
 g - 7 scrolls of immolation
 i - 4 scrolls of fog
 j - 14 scrolls of remove curse
 t - 6 scrolls of teleportation
 v - 2 scrolls of fear
 C - 2 scrolls of magic mapping
 E - 2 scrolls of identify
 H - 3 scrolls of vulnerability
 M - a scroll of silence {unknown}
Potions
 c - 20 potions of curing
 d - 5 potions of might
 h - 4 potions of stabbing
 m - 7 potions of lignification
 s - 3 potions of haste
 u - 5 potions of mutation
 I - 2 potions of flight
 J - a potion of resistance {unknown}


   Skills:
 + Level 18.6 Fighting
 * Level 23.6 Axes
 + Level 17.8 Armour
 + Level 16.6 Dodging


You had 18 spell levels left.
You didn't know any spells.
Your spell library was empty.

Dungeon Overview and Level Annotations

Branches:
Dungeon (15/15)            Temple (0/1) D:6            Lair (6/6) D:11
  Swamp (0/4) Lair:3        Snake (4/4) Lair:2        Slime (0/5) Lair:6
    Orc (2/2) D:12            Elf (0/3) Orc:2        Vaults (2/5) D:14
  Crypt (0/3) Vaults:2     Depths (0/5) D:15        Ossuary (visited)
Volcano (visited)

Altars:
Dithmenos
Fedhas
Hepliaklqana
Kikubaaqudgha
Nemelex Xobeh
Ru
Sif Muna
Wu Jian
Xom
Yredelemnul
Beogh

Shops:
D:4 (   D:6 (   D:7 !   D:10 }   D:11 [   D:13 (   Orc:1 (   Orc:2 ![=[
Snake:1 (   Snake:2 }=}

Portals:
Abyss: D:8

Annotations:
D:8 2 transporters, voshxx's ghost, novice TrBe
D:11 exclusion: obsidian statue
Vaults:2 19 runed doors


Innate Abilities, Weirdness & Mutations

You reflexively headbutt those who attack you in melee.
You have a pair of horns on your head.
Your magical capacity is low. (-10% MP)


Message History

You feel strangely unstable. The fire elemental misses you.
You furiously retaliate!
You headbutt the fire elemental. The small abomination hits you!
* * * LOW HITPOINT WARNING * * *
The large abomination barely misses you.
The fire elemental hits you. The fire elemental burns you!
* * * LOW HITPOINT WARNING * * *
The large abomination closely misses you.
You furiously retaliate!
You headbutt the large abomination, but do no damage.
The small abomination misses you.
You closely miss the large abomination. You headbutt the large abomination.
The large abomination is lightly damaged.
Your crystal plate armour prevents you from hitting the small abomination.
You slice the fire elemental!!
You destroy the fire elemental!
You barely miss the large abomination.
You feel the effects of Trog's Hand fading.
The yaktaur shoots a bolt.
The bolt hits you!
You die...

#########†###
#...(..#
#....).#
+......#
#......#
#......#
#......#
####X###
##@## #X)x#
#.ZcE.#
#..Ee○..#
#...○.°.#
#....○..#
#.......#
#.......#
##.....##


You could see 2 large abominations, a yaktaur, a deep elf mage, 2 fire
elementals, a small abomination and a yaktaur simulacrum.

Vanquished Creatures
  Bai Suzhen (Vaults:2)
  A sphinx (D:12)
  6 nagarajas
  A fire giant (D:12)
  5 vault wardens (Vaults:1)
  2 frost giants
  The ghost of Tinttamiau the Martial Artist, a journeyman GnTm of Makhleb (Snake:1)
  Aizul (Snake:2)
  An orc warlord (Orc:1)
  A stone giant (Volcano)
  A large abomination (Vaults:4)
  3 ironheart preservers
  3 very ugly things (Vaults:4)
  A deep elf annihilator (Vaults:2)
  A deep elf demonologist (Vaults:4)
  A dire elephant (Lair:6)
  2 deep elf death magi
  A fire dragon (Lair:6)
  Josephine (D:13)
  4 yaktaur captains
  Erolcha (D:13)
  4 ogre magi (Vaults:1)
  A vault guard (D:14)
  10 naga warriors
  The ghost of Askman the Thrower, a journeyman DsBr of Okawaru (Lair:1)
  2 catoblepae (Lair:6)
  4 hydras
  An ice dragon (Vaults:4)
  2 rakshasas
  Erica (Lair:2)
  9 centaur warriors
  20 anacondas
  15 two-headed ogres
  5 death yaks (Lair:6)
  A tengu warrior (D:12)
  A death knight (D:12)
  An orc high priest (Orc:2)
  9 naga sharpshooters
  4 deep elf knights (Vaults:4)
  7 shock serpents
  4 sea snakes (Snake:1)
  5 salamander mystics
  An unseen horror (D:13)
  A glowing orange brain (Vaults:1)
  2 shadow wraiths
  14 skeletal warriors
  3 wizards
  5 naga ritualists
  A deep elf archer (Vaults:1)
  4 lindwurms
  A flayed ghost (Vaults:4)
  A necromancer (Vaults:4)
  A swamp dragon (Lair:6)
  A phantasmal warrior (Vaults:2)
  8 orc knights
  6 ironbrand convokers
  2 orc sorcerers
  3 manticores
  11 mana vipers
  6 deep elf magi
  4 wolf spiders
  28 ugly things
  7 cyclopes
  10 elephants
  6 vault sentinels
  8 salamanders
  32 black mambas
  8 guardian serpents
  Joseph (D:7)
  2 gargoyles
  A storm dragon simulacrum (Vaults:2)
  18 naga magi
  Psyche (D:8)
  A cane toad (shapeshifter) (Vaults:2)
  2 molten gargoyles (Volcano)
  A torpor snail (Lair:6)
  10 cane toads
  4 komodo dragons
  2 kobold demonologists (D:12)
  4 rime drakes (Lair:6)
  26 yaktaurs
  A rime drake (shapeshifter) (Vaults:4)
  3 efreet
  3 tengu conjurers
  5 trolls
  A polar bear (Lair:6)
  4 hornets
  A harpy skeleton (D:15)
  The ghost of Tinttamiau the Caller, an amateur BaSu (D:4)
  12 blink frogs
  5 hippogriffs
  A dream sheep (Lair:6)
  Sigmund (D:2)
  15 slime creatures
  A spriggan (shapeshifter) (D:14)
  A wyvern (D:9)
  A vampire (D:14)
  6 basilisks
  2 fire bats (Volcano)
  48 yaks
  5 wraiths
  A basilisk (shapeshifter) (Vaults:4)
  4 steam dragons
  8 vampire mosquitoes
  A fire elemental (Volcano)
  2 wargs (Orc:1)
  3 acid dragons
  A soldier ant (D:7)
  13 water moccasins
  7 porcupines
  Duvessa (D:7)
  28 nagas
  An ice beast (D:11)
  5 sky beasts
  43 orc warriors
  2 eyes of draining (D:15)
  A black bear (D:13)
  A phantom (D:13)
  25 ogres
  10 crocodiles
  4 big kobolds
  17 centaurs
  14 bullfrogs
  2 earth elementals (Volcano)
  Dowan (D:7)
  An orc simulacrum (Vaults:2)
  A water moccasin skeleton (D:8)
  7 scorpions
  18 wights
  A howler monkey (D:10)
  8 lava snakes (Volcano)
  4 hounds
  A human simulacrum (Vaults:1)
  25 orc priests
  6 jellies
  23 orc wizards
  4 bullfrog skeletons
  6 centaur skeletons
  6 iguanas
  6 worker ants
  3 big kobold zombies (Ossuary)
  2 mummies (Ossuary)
  2 worker ant zombies
  14 adders
  A river rat (D:4)
  2 shadow imps
  2 white imps
  2 ufetubi
  8 adder zombies
  2 adder skeletons
  A worm (D:3)
  3 dart slugs
  6 leopard geckos
  102 orcs
  6 bats
  4 giant cockroaches
  2 gnoll zombies (Ossuary)
  4 goblins
  5 hobgoblins
  12 jackals
  10 kobolds
  5 quokkas
  A ball python (D:5)
  A ball python skeleton (D:4)
  2 frilled lizards
  3 hobgoblin zombies (Ossuary)
  6 kobold zombies (Ossuary)
  A leopard gecko skeleton (D:5)
  An orc zombie (Ossuary)
  3 rats
  3 fungi
  3 plants
1044 creatures vanquished.

Vanquished Creatures (collateral kills)
  2 nagarajas (Snake:4)
  2 very ugly things (Vaults:4)
  A naga warrior (Snake:4)
  An anaconda (Snake:4)
  A naga sharpshooter (Snake:4)
  2 salamander mystics (Snake:4)
  A deep troll (Vaults:4)
  A naga ritualist (Snake:4)
  A lindwurm (Snake:4)
  A salamander (Snake:4)
  3 black mambas (Snake:4)
  3 naga magi (Snake:4)
  3 nagas (Snake:4)
22 creatures vanquished.

Vanquished Creatures (others)
  A deep elf knight (Vaults:2)
  A yaktaur (Vaults:1)
  5 dream sheep (Lair:3)
  An iguana (Lair:6)
  5 fungi (Lair:2)
  2 plants (Lair:6)
  2 withered plants (Lair:1)
17 creatures vanquished.

Grand Total: 1083 creatures vanquished

Notes
Turn   | Place    | Note
-------+----------+-------------------------------------------
     0 | D:1      | DeltaSign the Minotaur Berserker began the quest for the
                  | Orb.
     0 | D:1      | Reached XP level 1. HP: 19/19 MP: 0/0
   285 | D:1      | Reached XP level 2. HP: 27/27 MP: 1/1
   401 | D:1      | Reached skill level 4 in Axes
   641 | D:2      | Noticed Sigmund
   655 | D:2      | Killed Sigmund
   655 | D:2      | Reached skill level 5 in Axes
   655 | D:2      | Reached XP level 3. HP: 34/34 MP: 2/2
   655 | D:2      | Reached XP level 4. HP: 41/41 MP: 3/3
   655 | D:2      | Reached XP level 5. HP: 47/47 MP: 4/4
  1018 | D:2      | Reached ** piety under Trog
  2365 | D:4      | Found a blossoming altar of Fedhas.
  2391 | D:4      | Found a sand-covered staircase.
  2401 | Ossuary  | Entered an ossuary
  2407 | Ossuary  | Reached XP level 6. HP: 55/55 MP: 5/5
  2495 | Ossuary  | Reached skill level 6 in Axes
  2535 | Ossuary  | Reached *** piety under Trog
  2562 | Ossuary  | Reached skill level 5 in Fighting
  2697 | D:4      | Found Uboviat's Antique Weapon Shop.
  2708 | D:4      | Found a runed translucent door.
  3011 | D:4      | Found a runed translucent door.
  3011 | D:4      | Noticed Tinttamiau's ghost (amateur BaSu)
  3066 | D:4      | Found a shimmering altar of Xom.
  3073 | D:4      | Found a basalt altar of Yredelemnul.
  3186 | D:4      | Killed Tinttamiau's ghost
  3186 | D:4      | Reached skill level 7 in Axes
  3186 | D:4      | Reached XP level 7. HP: 61/61 MP: 6/6
  3224 | D:5      | Entered Level 5 of the Dungeon
  3285 | D:5      | Reached skill level 5 in Armour
  3339 | D:5      | Reached **** piety under Trog
  4003 | D:5      | Reached skill level 5 in Dodging
  4003 | D:5      | Reached XP level 8. HP: 60/70 MP: 7/7
  4005 | D:5      | Reached skill level 8 in Axes
  4431 | D:6      | Found Ludwergh's Antique Weapon Shop.
  4505 | D:6      | Found a staircase to the Ecumenical Temple.
  4828 | D:7      | Noticed Joseph
  4838 | D:7      | Killed Joseph
  4838 | D:7      | Reached skill level 9 in Axes
  5016 | D:7      | Found a sacrificial altar of Ru.
  5027 | D:7      | Found Vutivei's Distillery.
  5211 | D:7      | Reached XP level 9. HP: 66/79 MP: 8/8
  5605 | D:7      | Reached skill level 10 in Axes
  5667 | D:7      | Noticed Duvessa
  5667 | D:7      | Noticed Dowan
  5677 | D:7      | Killed Duvessa
  5687 | D:7      | Killed Dowan
  5842 | D:8      | Found a transporter.
  5877 | D:8      | Found a transporter.
  5986 | D:8      | Found an ornate altar of the Wu Jian Council.
  6064 | D:8      | Identified the +4 short sword "Veiceu" {distort, MR+ Str-2
                  | Dex+6 Stlth+}
  6067 | D:8      | Found a one-way gate to the infinite horrors of the Abyss.
  6068 | D:8      | Noticed voshxx's ghost (novice TrBe)
  6107 | D:8      | Reached ***** piety under Trog
  6299 | D:8      | Reached skill level 11 in Axes
  6822 | D:8      | Found an ancient bone altar of Kikubaaqudgha.
  6871 | D:8      | Noticed Psyche
  6877 | D:8      | Killed Psyche
  6877 | D:8      | Reached XP level 10. HP: 90/90 MP: 9/9
  7068 | D:9      | Noticed a guardian serpent
  7077 | D:9      | Killed a guardian serpent
  7248 | D:9      | Found a shimmering blue altar of Sif Muna.
  7418 | D:9      | Reached skill level 12 in Axes
  7502 | D:9      | Noticed a cyclops
  7513 | D:9      | Killed a cyclops
  7659 | D:9      | Found a sparkling altar of Nemelex Xobeh.
  7684 | D:9      | Received a gift from Trog
  7688 | D:9      | Got a bone battleaxe {god gift}
  7689 | D:9      | Identified the +4 battleaxe "Segamp" {flame, Str+4 Int+6
                  | Stlth-} (Trog gifted it to you on level 9 of the Dungeon)
  8157 | D:10     | Entered Level 10 of the Dungeon
  8468 | D:10     | Noticed a two-headed ogre
  8474 | D:10     | Killed a two-headed ogre
  8673 | D:10     | Reached XP level 11. HP: 99/99 MP: 10/10
  8703 | D:10     | Found Macatwi's Gadget Emporium.
  9004 | D:11     | Reached skill level 13 in Axes
  9007 | D:11     | Noticed a white ugly thing
  9013 | D:11     | Paralysed by a hornet for 1 turns
  9015 | D:11     | Reached skill level 10 in Fighting
  9018 | D:11     | Killed a white ugly thing
  9596 | D:11     | Noticed an obsidian statue
  9696 | D:11     | Found a staircase to the Lair.
  9886 | D:11     | Found Ethiz's Antique Armour Shoppe.
  9911 | D:12     | Noticed an eight-headed hydra
  9912 | D:12     | Noticed a tengu warrior
  9917 | D:12     | Noticed a death knight
  9919 | D:12     | Killed a five-headed hydra
  9920 | D:12     | Reached skill level 10 in Armour
  9927 | D:12     | Killed a tengu warrior
  9928 | D:12     | Killed a death knight
  9928 | D:12     | HP: 3/151 [mirror damage (31)]
 10124 | D:12     | Reached skill level 14 in Axes
 10134 | D:12     | Received a gift from Trog
 10177 | D:12     | Noticed a deep elf mage
 10182 | D:12     | Killed a deep elf mage
 10501 | D:12     | Noticed a centaur warrior
 10504 | D:12     | Killed a centaur warrior
 10504 | D:12     | Noticed a centaur warrior
 10505 | D:12     | Noticed a sphinx
 10508 | D:12     | Noticed a fire giant
 10511 | D:12     | Noticed a frost giant
 10514 | D:12     | Killed a centaur warrior
 10518 | D:12     | Killed a fire giant
 10518 | D:12     | Reached skill level 10 in Dodging
 10518 | D:12     | Reached XP level 12. HP: 69/110 MP: 11/11
 10519 | D:12     | Killed a sphinx
 10519 | D:12     | Reached skill level 15 in Axes
 10523 | D:12     | Killed a frost giant
 10913 | D:12     | Found a staircase to the Orcish Mines.
 11148 | D:13     | Noticed a centaur warrior
 11154 | D:13     | Killed a centaur warrior
 11241 | D:13     | Noticed a two-headed ogre
 11246 | D:13     | Killed a two-headed ogre
 11313 | D:13     | Found Nutzi's Antique Weapon Shoppe.
 11631 | D:13     | Noticed a centaur warrior
 11639 | D:13     | Killed a centaur warrior
 11750 | D:13     | Noticed Erolcha
 11770 | D:13     | Killed Erolcha
 12038 | D:13     | Noticed Josephine
 12040 | D:13     | Reached skill level 16 in Axes
 12041 | D:13     | Noticed a two-headed ogre
 12051 | D:13     | Killed Josephine
 12052 | D:13     | Killed a two-headed ogre
 12413 | Lair:1   | Entered Level 1 of the Lair of Beasts
 12422 | Lair:1   | Reached XP level 13. HP: 109/118 MP: 12/12
 12693 | Lair:1   | Received a gift from Trog
 12775 | Lair:1   | Found a runed translucent door.
 12776 | Lair:1   | Noticed Askman's ghost (journeyman DsBr)
 13061 | Lair:1   | Killed Askman's ghost
 13170 | Lair:2   | Found a dark tunnel.
 13175 | Volcano  | Entered a volcano
 13425 | Volcano  | Found a burning altar of Makhleb.
 13590 | Volcano  | Noticed a stone giant
 13600 | Volcano  | Killed a stone giant
 14182 | Lair:2   | Noticed Erica
 14192 | Lair:2   | Killed Erica
 14354 | Lair:2   | Found a staircase to the Snake Pit.
 14393 | Lair:2   | Reached skill level 17 in Axes
 15189 | Lair:3   | Found a shimmering altar of Xom.
 15441 | Lair:3   | Found a staircase to the Swamp.
 16453 | Lair:5   | Reached XP level 14. HP: 127/129 MP: 13/13
 16970 | Lair:6   | Entered Level 6 of the Lair of Beasts
 17129 | Lair:6   | Received a gift from Trog
 17151 | Lair:6   | Reached skill level 18 in Axes
 17419 | Lair:6   | Found a staircase to the Slime Pits.
 17582 | Lair:6   | Reached ****** piety under Trog
 18973 | D:14     | Reached skill level 19 in Axes
 19191 | D:14     | Reached XP level 15. HP: 102/139 MP: 14/14
 19507 | D:14     | Received a gift from Trog
 19561 | D:14     | Found a gate to the Vaults.
 19618 | D:15     | Entered Level 15 of the Dungeon
 20504 | D:15     | Found a staircase to the Depths.
 20504 | D:15     | Noticed a frost giant
 20509 | D:15     | Killed a frost giant
 20658 | D:15     | Found a hazy altar of Hepliaklqana.
 20784 | Orc:1    | Entered Level 1 of the Orcish Mines
 20791 | Orc:1    | Noticed an orc warlord
 20806 | Orc:1    | Killed an orc warlord
 20819 | Orc:1    | You fall into a shaft and drop 1 floor!
 20819 | Orc:2    | Entered Level 2 of the Orcish Mines
 20983 | Orc:2    | Received a gift from Trog
 21055 | Orc:2    | Found a roughly hewn altar of Beogh.
 21060 | Orc:2    | Reached skill level 15 in Fighting
 21447 | Orc:2    | Received a gift from Trog
 21462 | Orc:2    | Reached skill level 20 in Axes
 21873 | Orc:2    | Found a staircase to the Elven Halls.
 22003 | Orc:2    | Found Xiengum's Antique Armour Boutique.
 22003 | Orc:2    | Found Nidij's Jewellery Emporium.
 22005 | Orc:2    | Found Yheytiyt's Armour Shoppe.
 22007 | Orc:2    | Found Camug's Distillery.
 22203 | Orc:1    | Reached skill level 15 in Armour
 22366 | Orc:1    | Found Xuofromu's Weapon Shoppe.
 22561 | Orc:2    | Bought a shiny crystal plate armour for 1909 gold pieces
 22601 | Orc:2    | Bought the ring of Dukh {rElec rPois rF- rN+ Str+3} for 600
                  | gold pieces
 22680 | D:11     | Bought a pair of glowing gloves for 180 gold pieces
 22831 | Snake:1  | Entered Level 1 of the Snake Pit
 23013 | Snake:1  | Found Qegoet's Weapon Boutique.
 23060 | Snake:1  | Reached XP level 16. HP: 54/149 MP: 15/15
 23319 | Snake:1  | Found a runed translucent door.
 23319 | Snake:1  | Noticed Tinttamiau's ghost (journeyman GnTm)
 23513 | Snake:1  | Found a shadowy altar of Dithmenos.
 23714 | Snake:1  | Killed Tinttamiau's ghost
 24044 | Snake:2  | Received a gift from Trog
 24120 | Snake:2  | Found Xymeeph's Gadget Shoppe.
 24121 | Snake:2  | Found Mear's Jewellery Shop.
 24123 | Snake:2  | Found Ynaxom's Gadget Shoppe.
 24623 | Snake:2  | Noticed Aizul
 24634 | Snake:2  | Killed Aizul
 25599 | Snake:3  | Reached skill level 21 in Axes
 26414 | Snake:4  | Entered Level 4 of the Snake Pit
 26852 | Snake:4  | Received a gift from Trog
 26924 | Snake:4  | Reached skill level 15 in Dodging
 27550 | Snake:4  | Reached XP level 17. HP: 142/159 MP: 16/16
 27783 | Snake:4  | Reached skill level 22 in Axes
 27785 | Snake:4  | Received a gift from Trog
 28077 | Snake:4  | Got a serpentine rune of Zot
 28078 | Snake:4  | Identified a scroll of acquirement
 28079 | Snake:4  | Acquired 420 gold pieces
 28441 | Orc:2    | Bought a potion of experience for 750 gold pieces
 28446 | Orc:2    | Reached XP level 18. HP: 170/170 MP: 17/17
 28564 | Vaults:1 | Entered Level 1 of the Vaults
 29072 | Vaults:1 | Received a gift from Trog
 29811 | Vaults:1 | Reached XP level 19. HP: 179/179 MP: 18/18
 30193 | Vaults:2 | Noticed Bai Suzhen
 30212 | Vaults:2 | Killed Bai Suzhen
 30212 | Vaults:2 | Reached skill level 23 in Axes
 30480 | Vaults:2 | Received a gift from Trog
 31221 | Vaults:2 | Found a staircase to the Crypt.
 31289 | Vaults:2 | Found a huge runed gate.
 31289 | Vaults:2 | Found a huge runed gate.
 31289 | Vaults:2 | Found a huge runed gate.
 31289 | Vaults:2 | Found a huge runed gate.
 31289 | Vaults:2 | Found a huge runed gate.
 31289 | Vaults:2 | Found a huge runed gate.
 31289 | Vaults:2 | Found a huge runed gate.
 31290 | Vaults:2 | Found a huge runed gate.
 31290 | Vaults:2 | Found a huge runed gate.
 31290 | Vaults:2 | Found a huge runed gate.
 31294 | Vaults:2 | Found a huge runed gate.
 31294 | Vaults:2 | Found a huge runed gate.
 31294 | Vaults:2 | Found a huge runed gate.
 31294 | Vaults:2 | Found a huge runed gate.
 31294 | Vaults:2 | Found a huge runed gate.
 31294 | Vaults:2 | Found a huge runed gate.
 31295 | Vaults:2 | Found a huge runed gate.
 31296 | Vaults:2 | Found a huge runed gate.
 31297 | Vaults:2 | Found a huge runed gate.
 31299 | Vaults:2 | You fall into a shaft and drop 2 floors!
 31416 | Vaults:4 | Received a gift from Trog
 31420 | Vaults:4 | Gained mutation: Your magical capacity is low. (-10% MP) [a
                  | cacodemon]
 31449 | Vaults:4 | HP: 5/181 [fire elemental[an ironheart preserver] (7)]
 31450 | Vaults:4 | Shot with a bolt by a yaktaur

Illustrated notes

Levels and vault maps discovered:
D:1:      dpeg_arrival_boxorama, layout_rooms
D:2:      layout_basic, uniq_sigmund
D:3:      layout_basic
D:4:      layout_cave_pools, amethyst_overflow_temple_binary,
          ebering_ghost_sewer_f, serial_shops, shop, enter_ossuary_3,
          fedhas_ov_isle_minmay
D:5:      layout_loops_ring, kennysheep_dice
D:6:      layout_basic, minmay_temple_entry_from_below_a, serial_shops, shop
D:7:      layout_cave_pools, nicolae_ru_path_of_blood, serial_shops,
          shop_statue, serial_bayou_pond_a, uniq_duvessa, uniq_joseph
D:8:      layout_loops_ring, kennysheep_mini, nicolae_overflow_hidden_temple,
          gammafunk_ghost_abyssal_escape, uniq_psyche
D:9:      layout_basic, led_sif_pool, nemelex_altar_shiori,
          minmay_variable_closet, nrook_guardian_serpent_double
D:10:     layout_long_grid, serial_shops, nicolae_shop_statue_plus,
          serial_glass, glass_columns_c, glass_columns_a
D:11:     layout_cave_pods, grunt_lair_entry_orc_guard_hut, serial_shops, shop,
          minmay_protected_statue
D:12:     minmay_glassy_protrusions, layout_basic, orc_0_dummy, kb_tengu_band
D:13:     layout_gridville, serial_shops, shop, uniq_erolcha, uniq_josephine
D:14:     layout_loops_cross, david_vaults_5,
          hangedman_abyss_or_decor_lesser_grid, kennysheep_generic_room_11
D:15:     grunt_enter_depths_snipers, layout_cave_pools,
          chequers_serial_rivers_small_3, basic_altar
Lair:1:   layout_small_grid, gammafunk_ghost_grave, beast_lair_carwin_1,
          serial_bayou_shore_a, grunt_megastairs_1, infiniplex_staircase_pool
Lair:2:   layout_regular_city, minmay_snake_entry_guardpost_small,
          enter_volcano_4, lemuel_old_faithful, uniq_erica
Lair:3:   layout_regular_city, swamp_mist, kb_xom_exploding_sheep,
          grunt_megastairs_4
Lair:4:   layout_regular_city
Lair:5:   layout_long_grid
Lair:6:   hangedman_lair_in_review, layout_loops_ring, guppyfry_lair_end_dragon,
          minmay_slime_entry_pillars, grunt_megastairs_3
Snake:1:  layout_grid_shapes, basic_altar, ebering_ghost_inner_flame,
          guppyfry_snake_island, minmay_shop_star
Snake:2:  layout_cave_shapes, minmay_shop_grove, uniq_aizul
Snake:3:  layout_grid_maze
Snake:4:  snake_pit_salamanders_mu, layout_onion, grunt_ministairs_5
Orc:1:    layout_caves, serial_shops, shop
Orc:2:    st_orc_rangers, layout_caves, minmay_orc_temple_c
Vaults:1: ontoclasm_vaults_eye, v_misc_28, hangedman_vaults_pinch,
          vaults_room_fancy_cross, nicolae_vaults_border_crossing,
          v_alt_pattern_3, st_lattice, ontoclasm_vaults_decontamination,
          hangedman_vaults_snaps, v_pattern_5, ontoclasm_vaults_fault,
          layout_vaults_omnigrid
Vaults:2: minmay_crypt_entry_simple_walls, nicolae_vaults_big_angled_halls,
          v_pattern_2, vaults_dpeg_encased_lava, hangedman_vaults_river_flow,
          ontoclasm_vaults_spin, ontoclasm_vaults_twist, v_misc_19,
          vaults_not_door_vault_mu, nicolae_vaults_yaktaur_gun_rack,
          vaults_room_door_hall, v_misc_28, ontoclasm_vaults_loading_screen,
          layout_vaults_ring, serial_shops, shop, uniq_bai_suzhen
Vaults:4: ontoclasm_vaults_ring_square, nicolae_vaults_angled_halls,
          nicolae_vaults_big_angled_halls, hangedman_vaults_nodes,
          ontoclasm_vaults_ligature, nicolae_vaults_little_ls,
          hangedman_vaults_unwind, v_misc_13, vaults_mumra_hex,
          nicolae_vaults_what_the_h, nicolae_vaults_three_branches,
          layout_vaults_maze_snakey, serial_shops, bzr_in_the_mist

Skill      XL: |  1  2  3  4  5  6  7  8  9 10 11 12 13 14 15 16 17 18 19 |
---------------+----------------------------------------------------------+-----
Axes           | 5 7 9 11 12 14 16 17 19 20 21 22 23 | 23.6
Fighting       | 4 5 6 7 8 9 11 12 13 14 15 16 17 18 | 18.6
Armour         | 3 4 5 6 8 9 10 12 13 14 15 16 17 | 17.8
Dodging        | 3 4 5 6 7 8 10 11 12 13 14 15 16 | 16.6

Action                   |  1- 3 |  4- 6 |  7- 9 | 10-12 | 13-15 | 16-18 | 19-21 || total
-------------------------+-------+-------+-------+-------+-------+-------+-------++-------
Melee: Hand axe          |    24 |   169 |    43 |       |       |       |       ||   236
       Headbutt          |     4 |    51 |    55 |    70 |   196 |   120 |    54 ||   550
       War axe           |       |       |    40 |       |       |       |       ||    40
       Battleaxe         |       |       |   165 |   286 |   310 |       |       ||   761
       Executioner's axe |       |       |       |       |   527 |   531 |   227 ||  1285
Invok: Berserk           |     1 |     1 |     4 |     5 |    23 |     7 |     3 ||    44
       Trog's Hand       |       |       |       |       |       |     6 |     3 ||     9
       Brothers in Arms  |       |       |       |       |       |     6 |     3 ||     9
  Use: Scroll            |       |       |     4 |    16 |    18 |    11 |     1 ||    50
       Potion            |       |       |       |       |     8 |     3 |       ||    11
 Stab: Fleeing           |       |       |       |       |     1 |       |       ||     1
       Petrified         |       |       |       |       |     4 |       |       ||     4
       Petrifying        |       |       |       |       |     1 |       |       ||     1
       Distracted        |       |       |       |       |       |     2 |     1 ||     3
Armor: Ring mail         |     7 |     1 |       |       |       |       |       ||     8
       Scale mail        |       |    65 |    69 |       |       |       |       ||   134
       Plate armour      |       |       |    43 |   180 |   427 |       |       ||   650
       Crystal plate arm |       |       |       |       |    43 |   463 |   144 ||   650
Dodge: Dodged            |    12 |    92 |   167 |   200 |   571 |   336 |   118 ||  1496

Table legend: (Time is in decaauts)
 A = Elapsed time spent in this place.
 B = Non-inter-level travel time spent in this place.
 C = Inter-level travel time spent in this place.
 D = Time resting spent in this place.
 E = Time spent auto-exploring this place.
 F = Levels seen in this place.
 G = Mean time per level.
                   A        B        C        D        E       F      G
               +--------+--------+--------+--------+--------+-----+--------+
         Total |  31872 |  30286 |   1586 |   5464 |  18932 |  32 |  996.0 |
       Dungeon |  14891 |  14156 |    735 |   2175 |   9858 |  15 |  992.7 |
          Lair |   5464 |   5135 |    329 |    620 |   3762 |   6 |  910.7 |
     Snake Pit |   5486 |   5228 |    258 |   1746 |   2022 |   4 | 1371.5 |
  Orcish Mines |   1998 |   1770 |    228 |    291 |    979 |   2 |  999.0 |
        Vaults |   2872 |   2837 |     35 |    415 |   1859 |   3 |  957.3 |
       Ossuary |    248 |    248 |      0 |      0 |    157 |   1 |  248.0 |
       Volcano |    910 |    910 |      0 |    215 |    293 |   1 |  910.0 |
               +--------+--------+--------+--------+--------+-----+--------+

Top non-repeatable levels by time:
Vaults:1: 1860 daAuts
 Snake:3: 1745 daAuts
  Lair:6: 1606 daAuts
 Snake:4: 1566 daAuts
   Orc:2: 1489 daAuts
    D:12: 1295 daAuts
    D:13: 1273 daAuts
    D:14: 1231 daAuts
     D:8: 1203 daAuts
     D:9: 1167 daAuts
    D:11: 1125 daAuts
 Snake:2: 1108 daAuts
 Snake:1: 1066 daAuts
     D:7: 1060 daAuts
     D:5: 1029 daAuts
